 Dungeon Crawl Stone Soup version 0.20.1-1-g8b1a95d (webtiles) character file.

105 slep the Skirmisher (level 4, -8/38 HPs)
             Began as a Demonspawn Wanderer on Oct 22, 2017.
             Mangled by an orc wizard
             ... wielding a +0 dagger of electrocution
              (19 damage)
             ... on level 4 of the Dungeon.
             The game lasted 00:08:32 (1772 turns).

slep the Skirmisher (Demonspawn Wanderer)           Turns: 1772, Time: 00:08:33

Health: -8/38      AC:  3    Str: 15    XL:     4   Next: 53%
Magic:  0/4        EV: 10    Int: 13    God:
Gold:   114        SH:  0    Dex: 11    Spells: 3/3 levels left

rFire    . . .     SeeInvis .   a - +2 hand crossbow
rCold    . . .     Gourm    .   (no shield)
rNeg     . . .     Faith    .   i - +0 leather armour
rPois    .         Spirit   +   (helmet restricted)
rElec    .         Reflect  .   (no cloak)
rCorr    .         Harm     .   (no gloves)
MR       .....                  (no boots)
Stlth    ++........             (no amulet)
Regen    0.2/turn               (no ring)
MPRegen  0.1/turn               (no ring)

@: no status effects
A: antennae 1, magic shield
a: no special abilities


You were on level 4 of the Dungeon.
You were hungry.

You visited 1 branch of the dungeon, and saw 4 of its levels.

You collected 114 gold pieces.

Inventory:

Hand Weapons
 a - a +2 hand crossbow (weapon)
 f - a +0 dagger
Missiles
 b - 4 bolts (quivered)
Armour
 e - a +0 robe
 i - a +0 leather armour (worn)
Scrolls
 c - 3 scrolls of teleportation
 h - 4 scrolls of identify {unknown}
 l - a scroll of remove curse {unknown}
 m - a scroll of enchant weapon {unknown}
 o - a scroll of recharging {unknown}
 u - a scroll of magic mapping {unknown}
 v - a scroll of enchant armour {unknown}
Potions
 d - a potion of curing
 j - a potion of flight {unknown}
 k - a potion of haste {unknown}
 n - a potion of invisibility {unknown}
 r - a potion of agility
Comestibles
 g - 4 bread rations
 p - a royal jelly
 q - a meat ration
 s - 2 fruits


   Skills:
 + Level 4.9 Fighting
 + Level 2.6 Crossbows
 + Level 1.3 Armour
 + Level 3.0 Stealth
   Level 1.0 Shields


You had 3 spell levels left.
You didn't know any spells.

Dungeon Overview and Level Annotations

Branches:
Dungeon (4/15)
 Temple: D:4-7

Altars:


Innate Abilities, Weirdness & Mutations

You have a pair of small antennae on your head.
When hurt, damage is shared between your health and your magic reserves.


Message History

You climb upwards.
The orc priest calls down the wrath of Beogh upon you.
Beogh smites you! The orc closely misses you.
The orc priest begins to cast a cantrip, but forgets the words!
There is a stone staircase leading down, spattered with blood here.
The orc hits you with a flail. The orc wizard closely misses you.
You climb downwards.
There is a stone staircase leading up here.
Firing (i - inventory):
b - 5 bolts (quivered)
Press: ? - help, Shift-Dir - straight line, f - orc wizard
Aim: an orc wizard, wielding a dagger of electrocution and wearing a robe You shoot a bolt.
The bolt hits the orc wizard.
The orc wizard is lightly wounded.
The orc wizard hits you with a dagger of electrocution.
The orc hits you with a flail.
* * * LOW HITPOINT WARNING * * *
The orc wizard hits you but does no damage.
You are electrocuted!
Ouch! That really hurt!
You die...

#.+
#<#
#.#
#.#
#.#
#.#
#.#
#o#
#@#
#o#
#.#
#.#
#.#
#.#
#+#


You could see an orc wizard and an orc.

Vanquished Creatures
  An orc wizard (D:3)
  Jessica (D:3)
  2 dart slugs
  2 leopard geckos
  An orc (D:4)
  5 giant cockroaches
  6 goblins
  4 hobgoblins
  4 jackals (D:2)
  A ball python (D:2)
  4 bats (D:1)
  2 frilled lizards
  4 kobolds
  3 rats
40 creatures vanquished.

Notes
Turn   | Place    | Note
-------+----------+-------------------------------------------
     0 | D:1      | slep the Demonspawn Wanderer began the quest for the Orb.
     0 | D:1      | slep set off with: a +2 hand crossbow, 29 bolts, a scroll of teleportation, a potion of curing, a +0 robe, a +0 dagger, a bread ration
     0 | D:1      | Reached XP level 1. HP: 19/19 MP: 1/1
   196 | D:1      | Gained mutation: You have a pair of small antennae on your head. [demonic ancestry]
   196 | D:1      | Reached XP level 2. HP: 25/25 MP: 2/2
  1050 | D:2      | Gained mutation: When hurt, damage is shared between your health and your magic reserves. [demonic ancestry]
  1050 | D:2      | Reached XP level 3. HP: 31/31 MP: 3/3
  1529 | D:3      | Noticed Jessica
  1534 | D:3      | Killed Jessica
  1534 | D:3      | Reached XP level 4. HP: 38/38 MP: 4/4
  1772 | D:4      | Mangled by an orc wizard

Skill      XL: |  1  2  3 |
---------------+----------+-----
Stealth        | 3 |  3.0
Crossbows      | 2 |  2.6
Fighting       | |  4.9
Armour         | |  1.3
Shields        | |  1.0

Action                   |  1- 3 |  4- 6 || total
-------------------------+-------+-------++-------
 Fire: Hand crossbow     |    68 |    17 ||    85
  Eat: Chunk             |     2 |       ||     2
Armor: Leather armour    |     4 |     1 ||     5
Dodge: Dodged            |    10 |     5 ||    15
